Map: Dusk Towers

Players

Linkzyk - Winner!

  • Race: Zerg Zerg
  • League: Gold

lesha

  • Race: Terran Terran
  • League: Gold

VOD

Have the link to the VOD?

Description

Time

  • Played on: Jan. 14, 2016, 8:44 a.m.
  • Length: 8:30
Show
View Real Time Build Order
Export as new Build Order

Linkzyk Zerg - Winner!

Build Orders: Hatch First 

Get SALT Encoding   

  12  0:01  Drone  
  13  0:13  Overlord  
  13  0:19  Drone  
  14  0:31  Drone x2  
  17  0:35  Drone  
  17  0:54  Hatchery  
  17  0:56  Drone  
  17  0:58  Drone  
  17  1:03  Extractor  
  17  1:07  Drone  
  18  1:19  Spawning Pool  
  18  1:20  Drone  
  18  1:29  Drone  
  19  1:42  Overlord  
  19  1:52  Drone  
  20  2:07  Zergling x4  
  20  2:08  Queen x2  
  24  2:09  Metabolic Boost  
  26  2:16  Drone  
  26  2:19  Drone  
  28  2:24  Drone  
  29  2:30  Drone  
  29  2:32  Drone  
  31  2:52  Overlord  
  31  3:03  Overlord  
  31  3:05  Drone x3  
  34  3:09  Roach Warren  
  33  3:18  Queen  
  35  3:20  Hatchery  
  35  3:22  Drone  
  35  3:23  Drone  
  35  3:24  Drone  
  35  3:25  Drone  
  38  3:35  Drone x3  
  38  3:39  Drone x2  
  43  3:45  Drone x2  
  43  3:46  Drone  
  46  3:54  Extractor  
  45  3:56  Lair  
  45  3:59  Extractor  
  44  4:11  Roach  
  44  4:13  Drone x2  
  44  4:14  Drone x2  
  50  4:22  Overlord x3  
  50  4:28  Evolution Chamber  
  50  4:31  Evolution Chamber, Drone x2  
  50  4:32  Extractor  
  49  4:58  Drone x3  
  49  4:59  Drone, Roach x2  
  59  5:00  Roach x5  
  59  5:04  Roach  
  69  5:09  Queen  
  69  5:13  Spore Crawler  
  70  5:20  Spore Crawler  
  69  5:22  Spore Crawler  
  69  5:28  Drone  
  69  5:29  Drone  
  69  5:30  Drone x3  
  69  5:33  Glial Reconstitution  
  69  5:35  Zerg Missile Weapons Level 1, Zerg Ground Armor Level 1  
  73  5:40  Overlord x2  
  73  5:41  Roach  
  73  5:42  Roach x2  
  77  6:07  Roach  
  77  6:08  Roach x10  
  77  6:10  Overlord  
  95  6:25  Overlord x2  
  95  6:46  Roach x9  
  113  6:48  Hydralisk Den, Zergling x4  
  113  6:50  Ravager  
  113  6:51  Ravager x3  
  119  7:01  Drone x4  
  122  7:10  Overseer  
  122  7:11  Pneumatized Carapace  
  95  8:07  Roach x4  
  95  8:08  Roach x5, Zergling x2  
  95  8:10  Overlord  
  95  8:11  Overlord x6  
Show
View Real Time Build Order
Export as new Build Order

lesha Terran 

Build Orders: Reaper Expand 

Get SALT Encoding   

  12  0:01  SCV  
  13  0:13  SCV  
  14  0:18  Supply Depot  
  14  0:25  SCV  
  15  0:40  SCV  
  15  0:42  Barracks  
  16  0:46  Refinery  
  16  0:52  SCV  
  17  1:04  SCV  
  18  1:16  SCV  
  19  1:29  Reaper, Orbital Command  
  20  1:42  Command Center  
  20  1:54  Supply Depot  
  20  1:55  Refinery  
  20  1:56  SCV  
  21  2:06  Marine  
  22  2:14  SCV, Factory  
  23  2:26  SCV  
  24  2:31  Barracks Reactor  
  24  2:38  SCV  
  25  2:58  Orbital Command  
  25  3:06  SCV  
  26  3:16  Starport  
  26  3:18  SCV, Barracks  
  27  3:21  Barracks, Marine x2  
  27  3:23  Factory Tech Lab, Supply Depot  
  27  3:24  Supply Depot  
  29  3:30  SCV  
  29  3:31  SCV  
  31  3:42  SCV  
  31  3:46  SCV  
  31  3:48  Marine x2  
  35  3:50  Siege Tank  
  35  3:55  SCV, Starport Reactor  
  39  3:58  SCV  
  40  4:07  SCV  
  40  4:08  Engineering Bay  
  40  4:09  Barracks Tech Lab, Marine x2  
  43  4:10  Barracks Reactor, SCV  
  44  4:24  SCV x2  
  46  4:33  Stimpack  
  46  4:34  Marine x2  
  46  4:35  Marauder  
  46  4:36  SCV x2, Medivac  
  54  4:45  Refinery  
  54  4:47  Refinery  
  54  4:48  SCV x2  
  54  4:52  Medivac, Marine x2  
  60  4:54  Marine x2  
  62  5:02  Supply Depot  
  62  5:05  Supply Depot  
  62  5:23  SCV x2, Marauder, Marine x4  
  70  5:35  SCV x2, Siege Tank  
  75  5:38  Medivac  
  75  5:41  Marine  
  78  5:53  Marine  
  78  6:01  Marine x2  
  78  6:04  Marine  
  78  6:08  Marine  
  78  6:11  Marine  
  74  6:15  Command Center  
  74  6:18  Barracks  
  74  6:19  Barracks, Marine  
  74  6:20  Marauder  
  74  6:24  Supply Depot, Barracks  
  74  6:25  Supply Depot x2  
  77  6:35  Command Center, Marine x3  
  80  6:41  Siege Tank, Marauder  
  85  6:50  SCV x2  
  87  6:58  Marine  
  87  6:59  Marine x3  
  92  7:19  Barracks Reactor  
  92  7:20  Barracks Reactor, Barracks Tech Lab  
  63  7:46  Marine x4  
  63  7:47  Marine  
  56  8:04  Marine x2  
  56  8:05  Marine x4  
Tags
 
Add a new tag
Caveats
  • Supply blocks, unpowered buildings, or Contaminate may cause inaccurate times.
  • Supply counts are checked every 10 seconds.